 Dungeon Crawl Stone Soup version 0.30-a0-800-g7c544603b3 (webtiles) character file.

Game seed: 5256591491667422331

578 drugrobin the Insei (level 6, 0/50 HPs)
             Began as a Demigod Delver on Feb 22, 2023.
             Slain by a kobold brigand
             ... wielding a +0 dagger
              (4 damage)
             ... on level 3 of the Dungeon.
             The game lasted 00:15:08 (5644 turns).

drugrobin the Insei (Demigod Delver)                Turns: 5644, Time: 00:15:09

Health: 0/50       AC:  5    Str: 15 (17) XL:     6   Next: 89%
Magic:  8/8        EV: 10    Int: 11 (12) God:
Gold:   140        SH:  3    Dex: 16 (19) Spells: 5/5 levels left

rFire   . . .      SeeInvis .      - Unarmed
rCold   . . .      Faith    .    r - +0 buckler
rNeg    . . .      Spirit   .    B - +0 ring mail {rPois}
rPois   +          Reflect  .    (no helmet)
rElec   .          Harm     .    (no cloak)
rCorr   .          Rampage  .    (no gloves)
Will    .....                    (no boots)
Stlth   ++                       (no amulet)
HPRegen 0.28/turn                t - ring of flight
MPRegen 0.11/turn                (no ring)

@: brilliant, attractive, flying
A: high MP 1, forlorn, divine attributes
a: no special abilities


You were on level 3 of the Dungeon.
You visited 1 branch of the dungeon, and saw 5 of its levels.

You collected 140 gold pieces.

Inventory:

Hand Weapons
 b - a +2 spear of venom
Missiles
 j - 7 stones (quivered)
 o - 5 poisoned darts
Armour
 i - an orb of guile
 r - a +0 buckler (worn)
 B - a +0 ring mail of poison resistance (worn)
Jewellery
 t - a ring of flight (left hand)
Wands
 f - a wand of digging (3)
 x - a wand of flame (14)
 z - a wand of polymorph (5)
Scrolls
 c - 2 scrolls of magic mapping
 d - 2 scrolls of fear
 g - a scroll of poison {unknown}
 k - 2 scrolls of enchant weapon {unknown}
 l - a scroll of amnesia {unknown}
 n - 3 scrolls of teleportation {unknown}
 v - 2 scrolls of identify {unknown}
 w - 2 scrolls of immolation {unknown}
 y - a scroll of fog
Potions
 e - 2 potions of haste
 h - 2 potions of degeneration
 p - a potion of curing {unknown}
 q - a potion of resistance {unknown}
 u - a potion of heal wounds {unknown}
 A - a potion of attraction


   Skills:
 - Level 2.6 Fighting
 - Level 1.7 Dodging
 - Level 4.5 Stealth
 + Level 7.2 Unarmed Combat


You had 5 spell levels left.
You didn't know any spells.
Your spell library contained the following spells:

 Spells                   Type           Power      Damage    Failure   Level
 Magic Dart               Conj           0%         1d3       69%         1
 Searing Ray              Conj           0%         2d4       83%         2
 Fulminant Prism          Conj/Hex       0%         3d5       100%        4


Dungeon Overview and Level Annotations

Branches:
Dungeon (5/15)
 Temple: D:4-7

Annotations:
D:3 1 runed translucent door, exclusion: bat, Grinder; Newt's ghost, amateur DsGl; Sigmund
D:4 exclusions: black bear and iguana


Innate Abilities, Weirdness & Mutations

You have an increased reservoir of magic. (+10% MP)
You shall have no god before yourself.
Your divine heritage dramatically boosts your attributes as you level up.


Message History

The kobold brigand closely misses you.
The kobold brigand hits you with a +0 dagger.
You closely miss the kobold brigand.
The kobold brigand is heavily wounded.
The kobold brigand hits you with a +0 dagger.
You closely miss the kobold brigand.
The kobold brigand is heavily wounded.
The kobold brigand hits you with a +0 dagger.
* * * LOW HITPOINT WARNING * * *
You closely miss the kobold brigand.
The kobold brigand is heavily wounded.
The kobold brigand hits you but does no damage.
You barely miss the kobold brigand.
The kobold brigand is moderately wounded.
The kobold brigand hits you but does no damage.
You hit the kobold brigand.
The kobold brigand is poisoned.
The kobold brigand is heavily wounded.
The kobold brigand hits you with a +0 dagger.
* * * LOW HITPOINT WARNING * * *
Reach: b) +2 spear (venom)
Press: ? - help, Dir - move target, f - kobold brigand
Aim: a kobold brigand, wielding a +0 dagger and quivering poisoned darts (heavily wounded, very poisoned, about 40% to evade your +2 spear of venom)
Okay, then.
Unknown command.
Your +2 spear of venom stops dripping with poison.
You are now empty-handed.
The kobold brigand hits you with a +0 dagger!
* * * LOW HITPOINT WARNING * * *
Unknown command.
It was a potion of degeneration.
There was something very wrong with that liquid.
You feel weakened.
You feel dopey.
You feel clumsy. The kobold brigand barely misses you.
It was a potion of attraction.
You feel attractive to monsters. The kobold brigand barely misses you.
It was a potion of brilliance.
You feel clever all of a sudden.
The kobold brigand hits you with a +0 dagger.
You die...

≈~~~~~~~~~~~~~~≈#####≈~....######
................#...#≈≈....#.....
#################...#≈~P...#.####
( .. .'....#'###≈~....#. #..
########....#.#.~~~....#. #.# .
.#...........#.#.~≈~..P.#. .
.........#)'##.#.~≈~....#. .. .
.........#.....#.~~~....#. b.
#.....).#...@.#.~≈~....#. ..
###########'#####K#.~≈~....# ..
....+)..)...# .#.#.≈≈~....# ..
....#)......# ..#.≈≈~....# ..
....#.......# #'###≈~P...#. ..
''''#############...#~~....#. @.
................#...#≈~....#.####
....~~~)≈≈)~~~≈~#####≈~....#.....
....≈≈≈≈≈≈≈≈≈≈≈≈≈≈≈≈≈≈~....##....


You could see a kobold brigand (very poisoned).

Vanquished Creatures
  3 howler monkeys (D:3)
  A hound (D:3)
  Ijyb (D:3)
  Natasha (thrice) (D:3 D:2)
  2 orc wizards (D:3)
  17 gnolls
  3 adders (D:3)
  3 dart slugs
  16 orcs
  9 ball pythons
  3 endoplasms
  5 goblins
  3 hobgoblins
  10 jackals (D:3)
  4 kobolds
  2 quokkas
  A bat (D:2)
  4 frilled lizards
90 creatures vanquished.

Vanquished Creatures (others)
  2 plants (D:3)
2 creatures vanquished.

Grand Total: 92 creatures vanquished

Notes
Turn   | Place    | Note
-------+----------+-------------------------------------------
     0 | D:5      | drugrobin the Demigod Delver began the quest for the Orb.
     0 | D:5      | Reached XP level 1. HP: 18/18 MP: 3/3
    41 | D:4      | Noticed an iguana
   184 | D:2      | Reached skill level 2 in Unarmed Combat
   718 | D:1      | Reached XP level 2. HP: 25/25 MP: 4/4
  1061 | D:1      | Reached skill level 3 in Unarmed Combat
  2302 | D:2      | Reached XP level 3. HP: 27/30 MP: 5/5
  2486 | D:3      | Found a runed translucent door.
  2486 | D:3      | Noticed Newt's ghost (amateur DsGl)
  2689 | D:3      | Noticed Natasha
  2718 | D:3      | Noticed Sigmund
  2827 | D:4      | Reached skill level 4 in Unarmed Combat
  2959 | D:4      | Noticed a black bear
  3271 | D:3      | Reached XP level 4. HP: 35/37 MP: 6/6
  3924 | D:3      | Killed Natasha
  3925 | D:3      | Reached skill level 5 in Unarmed Combat
  3925 | D:3      | Reached XP level 5. HP: 25/42 MP: 7/7
  4231 | D:3      | Noticed Natasha
  4243 | D:3      | Killed Natasha
  4408 | D:3      | Noticed Natasha
  4425 | D:2      | Killed Natasha
  4878 | D:3      | Reached skill level 6 in Unarmed Combat
  4900 | D:3      | Noticed Grinder
  4900 | D:3      | Noticed Ijyb
  4913 | D:3      | Reached XP level 6. HP: 36/50 MP: 8/8
  4986 | D:3      | Killed Ijyb
  5205 | D:3      | Reached skill level 7 in Unarmed Combat
  5346 | D:3      | Paralysed by Grinder for 2 turns
  5349 | D:3      | Paralysed by Grinder for 2 turns
  5644 | D:3      | Slain by a kobold brigand

Illustrated notes

Levels and vault maps discovered:
D:1:      eino_arrival_water_star, layout_loops_ring
D:2:      layout_loops_cross, corexii_leaking_fountain
D:3:      lemuel_castle_with_subvaults [lemuel_castle_interior_carwin_3],
          layout_basic, nicolae_overflow_hallway_of_the_gods,
          gammafunk_ghost_grave, minmay_shallow_snake_nest, uniq_ijyb,
          uniq_natasha, uniq_grinder, uniq_sigmund
D:4:      layout_basic, elyvilon_altar_5, minmay_temple_entry_glass
D:5:      layout_loops_ring, serial_glass, glass_columns_a, glass_columns_a,
          serial_shops, shop

Skill      XL: |  1  2  3  4  5  6 |
---------------+-------------------+-----
Unarmed Combat | 2 3 4 5 6 7 |  7.2
Fighting       | |  2.6
Dodging        | |  1.7
Stealth        | |  4.5

Action                     |  1- 3 |  4- 6 || total
---------------------------+-------+-------++-------
  Melee: Unarmed           |   149 |   236 ||   385
         Punch             |     3 |       ||     3
         Spear             |       |    19 ||    19
  Throw: Stone             |     5 |     7 ||    12
         Dart              |     5 |     4 ||     9
    Use: Potion            |       |     3 ||     3
   Stab: Sleeping          |    11 |       ||    11
 Armour: Leather armour    |    23 |       ||    23
         Scale mail        |     3 |    27 ||    30
         Ring mail         |       |    20 ||    20
  Dodge: Dodged            |    68 |    77 ||   145
  Block: Buckler           |    12 |    36 ||    48

Table legend: (Time is in decaauts)
 A = Elapsed time spent in this place.
 B = Non-inter-level travel time spent in this place.
 C = Inter-level travel time spent in this place.
 D = Time resting spent in this place.
 E = Time spent auto-exploring this place.
 F = Levels seen in this place.
 G = Mean time per level.
                   A        B        C        D        E       F      G
               +--------+--------+--------+--------+--------+-----+--------+
         Total |   5632 |   5223 |    409 |    692 |   2570 |   5 | 1126.4 |
       Dungeon |   5632 |   5223 |    409 |    692 |   2570 |   5 | 1126.4 |
               +--------+--------+--------+--------+--------+-----+--------+

Top non-repeatable levels by time:
     D:3: 2527 daAuts
     D:1: 1606 daAuts
     D:2: 1194 daAuts
     D:4: 262 daAuts
     D:5: 41 daAuts
